 Dungeon Crawl Stone Soup version 0.30-a0-367-g839099abd5 (webtiles) character file.

Game seed: 17404012106017819214

56 Grillzange the Slasher (level 3, 0/29 HPs)
             Began as a Barachi Fighter on Nov 18, 2022.
             Slain by Natasha (10 damage)
             ... on level 3 of the Dungeon.
             The game lasted 00:04:18 (1563 turns).

Grillzange the Slasher (Barachi Fighter)            Turns: 1563, Time: 00:04:19

Health: 0/29       AC:  6    Str: 16 (19) XL:     3   Next: 95%
Magic:  3/3        EV:  8    Int:  8      God:
Gold:   67         SH:  4    Dex: 10 (11) Spells: 2/2 levels left

rFire   . . .      SeeInvis .    a - +1 long sword
rCold   . . .      Faith    .    c - +0 buckler
rNeg    . . .      Spirit   .    b - +0 scale mail
rPois   .          Reflect  .    (no helmet)
rElec   .          Harm     .    (no cloak)
rCorr   .          Rampage  .    (no gloves)
Will    .....                    (no boots)
Stlth   ..........               k - amulet of regeneration
HPRegen 1.04/turn                (no ring)
MPRegen 0.08/turn                (no ring)

@: mighty, slow
A: amphibious, slowness 1, strong legs 1, +LOS
a: Hop


You were on level 3 of the Dungeon.
You visited 1 branch of the dungeon, and saw 3 of its levels.

You collected 67 gold pieces.

Inventory:

Hand Weapons
 a - a +1 long sword (weapon)
Armour
 b - a +0 scale mail (worn)
 c - a +0 buckler (worn)
Jewellery
 k - an amulet of regeneration (around neck)
Scrolls
 f - a scroll of amnesia
 i - 4 scrolls of identify {unknown}
 l - a scroll of torment {unknown}
Potions
 d - a potion of might
 e - a potion of curing {unknown}
 g - a potion of ambrosia {unknown}
 h - a potion of cancellation {unknown}
 j - a potion of heal wounds {unknown}
 m - 2 potions of haste {unknown}


   Skills:
 - Level 3.6 Fighting
 + Level 5.0 Long Blades
 - Level 3.6 Armour
 - Level 3.2 Shields


You had 2 spell levels left.
You didn't know any spells.
Your spell library contained the following spells:

 Spells                   Type           Power      Damage    Failure   Level
 Kiss of Death            Conj/Necr      0%         2d5       90%         1
 Confusing Touch          Hex            0%         N/A       99%         3
 Dispel Undead            Necr           0%         3d6       100%        4


Dungeon Overview and Level Annotations

Branches:
Dungeon (3/15)

Altars:
Elyvilon
Nemelex Xobeh
Vehumet

Shops:
D:1 *

Annotations:
D:3 Natasha


Innate Abilities, Weirdness & Mutations

You are amphibious.
You cover ground slowly.
You can hop short distances.
You have an extended range of vision and can be seen from far away.


Message History

You barely miss the goblin. The goblin completely misses you.
You closely miss the goblin. The goblin hits you but does no damage.
You closely miss the goblin. The goblin hits you but does no damage.
You hit the goblin.
The goblin is moderately wounded.
You block the goblin's attack.
You hit the goblin.
The goblin is severely wounded.
You block the goblin's attack. The goblin hits you but does no damage.
You slash the goblin!
You kill the goblin!
No target in view!
No target in view!
No target in view!
You see here a +0 dagger.
Found an escape hatch in the ceiling.
Found a dagger.
You pick up a book of Touch and begin reading...
You add the spells Kiss of Death, Confusing Touch and Dispel Undead to your library.
You see here a +0 dagger.
Natasha, Servant of Life and Death comes into view.
Natasha is nearby!
Natasha is nearby!
Natasha is nearby!
Natasha is nearby!
Natasha drinks a potion.
Natasha seems to grow stronger.
You feel very mighty all of a sudden. Natasha barely misses you.
You closely miss Natasha. Natasha barely misses you.
You closely miss Natasha. Natasha claws you but does no damage.
You hit Natasha.
Natasha is lightly wounded.
Natasha claws you!
You hit Natasha.
Natasha is heavily wounded.
Natasha claws you.
You barely miss Natasha.
Natasha is heavily wounded.
Natasha claws you. Natasha claws you!
You die...

##### #...#####
##############.#.....
#............#...#
#.##..##........##
###. #..########@..#
.##.##..### #h.##
.##.#.....# #.##
.##.#...### #.#
.##.#...# #.#
.##..)..### #'#
.####.....# #..
.####.##### ...
###....## ...


You could see Natasha (strong).

Vanquished Creatures
  An adder (D:2)
  3 dart slugs
  2 ball pythons
  An endoplasm (D:2)
  A giant cockroach (D:1)
  6 goblins
  3 hobgoblins
  4 jackals (D:1)
  A quokka (D:1)
  5 bats
  2 frilled lizards
  5 kobolds
  3 rats
37 creatures vanquished.

Notes
Turn   | Place    | Note
-------+----------+-------------------------------------------
     0 | D:1      | Grillzange the Barachi Fighter began the quest for the Orb.
     0 | D:1      | Reached XP level 1. HP: 18/18 MP: 1/1
    11 | D:1      | Found Tutoiqem's General Store.
    54 | D:1      | Reached skill level 3 in Long Blades
    54 | D:1      | Reached XP level 2. HP: 24/24 MP: 2/2
   229 | D:1      | Found a faded altar of an unknown god.
   229 | D:1      | Noticed a great orb of eyes
   232 | D:1      | Noticed a great orb of eyes
   235 | D:1      | Noticed a golden eye
   236 | D:1      | Noticed a golden eye
   275 | D:1      | Reached skill level 4 in Long Blades
   339 | D:1      | Reached XP level 3. HP: 29/29 MP: 3/3
  1375 | D:3      | Found a white marble altar of Elyvilon.
  1377 | D:3      | Found a sparkling altar of Nemelex Xobeh.
  1392 | D:3      | Found a radiant altar of Vehumet.
  1417 | D:3      | Identified the +1 chain mail "Ura Bacs" {Rampage rElec
                  | Will+++ Str-2}
  1502 | D:3      | Reached skill level 5 in Long Blades
  1556 | D:3      | Noticed Natasha
  1563 | D:3      | Slain by Natasha

Illustrated notes

Levels and vault maps discovered:
D:1:      co_arrival_random_square_maze, layout_rooms,
          hellmonk_ecumenical_altar_watching_god, serial_shops,
          nicolae_diamond_shop, serial_bayou_pond_d
D:2:      layout_basic
D:3:      layout_loops_corners, grunt_temple_overflow_open, serial_aquarium,
          aquarium_bridge_long_separate [aquarium_subvault_window,
          aquarium_subvault_wall, aquarium_subvault_bridge,
          aquarium_subvault_bridge, aquarium_subvault_bridge,
          aquarium_subvault_bridge], aquarium_bridge_square
          [aquarium_subvault_wall, aquarium_subvault_bridge,
          aquarium_subvault_wall, aquarium_subvault_bridge], aquarium_window_3,
          aquarium_window_double, aquarium_window_fake, aquarium_view_4,
          uniq_natasha

Skill      XL: |  1  2  3 |
---------------+----------+-----
Long Blades    | 3 4 5 |  5.0
Fighting       | |  3.6
Armour         | |  3.6
Shields        | |  3.2

Action                   || total
-------------------------++-------
Melee: Long sword        ||   128
  Use: Scroll            ||     5
       Potion            ||     2
Armor: Scale mail        ||    81
Dodge: Dodged            ||    81
Block: Buckler           ||    40

Table legend: (Time is in decaauts)
 A = Elapsed time spent in this place.
 B = Non-inter-level travel time spent in this place.
 C = Inter-level travel time spent in this place.
 D = Time resting spent in this place.
 E = Time spent auto-exploring this place.
 F = Levels seen in this place.
 G = Mean time per level.
                   A        B        C        D        E       F      G
               +--------+--------+--------+--------+--------+-----+--------+
         Total |   1845 |   1845 |      0 |      0 |   1353 |   3 |  615.0 |
       Dungeon |   1845 |   1845 |      0 |      0 |   1353 |   3 |  615.0 |
               +--------+--------+--------+--------+--------+-----+--------+

Top non-repeatable levels by time:
     D:2: 825 daAuts
     D:1: 666 daAuts
     D:3: 353 daAuts
